Map: Torches LE

Players

ronian - Winner!

  • Race: Protoss Protoss
  • League: Diamond
  • Spawn Location: 5:00

LigerMaNN

  • Race: Zerg Zerg
  • League: Diamond
  • Spawn Location: 1:00

VOD

Have the link to the VOD?

Description

Time

  • Played on: June 28, 2025, 4:40 p.m.
  • Length: 18:41
Show
View Real Time Build Order
Export as new Build Order

ronian Protoss - Winner!

Build Orders:  

Get SALT Encoding   

  1  0:00  Probe  
  13  0:07  Probe  
  14  0:18  Probe  
  15  0:27  Pylon  
  15  0:45  Probe  
  15  0:47  Forge  
  16  0:56  Pylon  
  16  0:57  Probe  
  17  1:10  Probe  
  18  1:19  Probe  
  18  1:21  Photon Cannon  
  19  1:27  Probe, Photon Cannon  
  20  1:38  Gateway  
  19  1:40  Probe  
  20  1:51  Assimilator  
  20  1:52  Probe  
  21  2:02  Assimilator  
  21  2:04  Probe  
  22  2:16  Probe  
  23  2:35  Photon Cannon  
  23  2:36  Photon Cannon  
  23  2:39  Pylon  
  23  2:44  Zealot  
  23  2:45  Probe  
  26  2:57  Cybernetics Core  
  26  3:04  Pylon  
  26  3:07  Probe  
  27  3:22  Zealot  
  27  3:27  Probe  
  30  3:31  Pylon  
  30  3:37  Stargate  
  30  3:52  Probe  
  31  4:04  Probe  
  31  4:18  Nexus  
  31  4:20  Pylon  
  31  4:23  Void Ray  
  35  4:36  Photon Cannon  
  35  4:46  Photon Cannon  
  31  4:55  Photon Cannon  
  31  5:01  Pylon  
  31  5:08  Shield Battery  
  31  5:14  Pylon  
  31  5:18  Shield Battery  
  31  5:23  Probe  
  32  5:32  Void Ray  
  32  5:35  Probe  
  33  5:40  Probe  
  38  5:43  Probe  
  39  5:51  Probe  
  39  5:52  Probe  
  39  5:56  Assimilator  
  41  6:07  Void Ray  
  45  6:12  Stalker  
  47  6:30  Probe  
  44  6:38  Pylon  
  43  6:42  Probe  
  43  6:44  Pylon  
  43  6:54  Probe  
  43  6:59  Probe  
  44  7:10  Photon Cannon  
  44  7:11  Probe  
  44  7:13  Photon Cannon  
  45  7:19  Pylon  
  45  7:22  Pylon  
  45  7:23  Probe  
  45  7:24  Photon Cannon, Protoss Shields Level 1  
  45  7:29  Nexus  
  46  7:35  Probe  
  47  7:41  Pylon  
  47  7:47  Probe  
  48  7:59  Probe  
  48  8:03  Fleet Beacon  
  49  8:06  Pylon  
  49  8:07  Probe  
  49  8:11  Probe  
  51  8:15  Probe  
  51  8:19  Assimilator, Photon Cannon  
  52  8:23  Probe  
  52  8:25  Probe, Photon Cannon  
  53  8:28  Warp Gate  
  54  8:35  Probe  
  54  8:36  Twilight Council  
  54  8:37  Shield Battery  
  54  8:41  Shield Battery  
  55  8:45  Pylon, Probe  
  56  8:57  Probe  
  56  9:00  Pylon  
  57  9:03  Shield Battery, Photon Cannon  
  57  9:08  Pylon  
  57  9:13  Probe  
  57  9:16  Photon Cannon  
  58  9:17  Photon Cannon  
  58  9:18  Shield Battery  
  58  9:21  Probe, Stalker  
  60  9:31  Probe  
  66  9:46  Void Ray  
  66  9:51  Mothership  
  72  10:03  Stalker  
  74  10:16  Probe  
  75  10:24  Probe, Assimilator x2  
  80  10:29  Void Ray  
  80  10:30  Stalker  
  80  10:34  Probe, Nexus  
  82  10:38  Photon Cannon  
  82  10:39  Photon Cannon  
  82  10:41  Shield Battery  
  83  10:45  Shield Battery  
  83  10:46  Probe  
  84  10:50  Photon Cannon  
  84  10:53  Photon Cannon  
  84  10:56  Shield Battery  
  84  10:58  Probe  
  84  10:59  Shield Battery  
  84  11:02  Pylon  
  85  11:04  Resonating Glaives  
  85  11:05  Tempest  
  85  11:10  Gateway  
  89  11:17  Gateway  
  89  11:20  Probe  
  89  11:23  Gateway  
  90  11:28  Probe  
  91  11:34  Gateway  
  91  11:38  Probe  
  91  11:39  Gateway  
  91  11:41  Gateway  
  91  11:44  Pylon  
  92  11:50  Probe  
  92  11:51  Protoss Ground Weapons Level 1  
  92  11:52  Forge  
  93  11:55  Gateway  
  93  11:59  Gateway  
  93  12:06  Gateway  
  93  12:10  Gateway  
  93  12:14  Gateway  
  93  12:15  Probe  
  94  12:23  Probe  
  95  12:33  Probe  
  96  12:49  Nexus  
  96  12:50  Probe  
  96  12:53  Pylon  
  96  12:57  Assimilator x2  
  91  12:58  Probe  
  91  12:59  Adept x4  
  91  13:00  Adept  
  91  13:02  Adept  
  104  13:07  Gateway  
  104  13:08  Probe  
  104  13:11  Photon Cannon  
  105  13:15  Photon Cannon  
  105  13:20  Probe x2  
  105  13:23  Protoss Ground Armor Level 1  
  107  13:28  Probe  
  107  13:30  Adept x2  
  107  13:31  Adept  
  107  13:32  Probe  
  115  13:38  Probe  
  115  13:39  Adept  
  115  13:40  Adept  
  120  13:44  Adept  
  120  13:45  Adept  
  120  13:48  Adept  
  126  13:50  Probe  
  126  13:51  Adept  
  129  14:02  Probe  
  128  14:14  Adept x3  
  128  14:15  Adept  
  128  14:16  Adept x2  
  139  14:29  Dark Shrine  
  119  15:15  Probe  
  118  15:23  Probe  
  118  15:33  Probe  
  117  15:43  Nexus  
  117  15:45  Probe  
  117  15:46  Dark Templar x2  
  117  15:47  Dark Templar x6  
  117  15:48  Dark Templar x3  
  140  15:52  Pylon  
  140  15:54  Pylon  
  128  15:58  Pylon  
  119  16:10  Nexus  
  105  16:37  Probe, Stalker x4  
  105  16:38  Stalker x4  
  105  16:39  Stalker  
  112  16:45  Probe  
  98  16:54  Probe  
  93  17:06  Probe  
  94  17:18  Nexus  
  94  17:19  Probe  
  95  17:24  Dark Templar x3  
  95  17:25  Dark Templar x2  
  98  17:31  Probe  
  87  17:37  Dark Templar x3  
  87  17:38  Dark Templar x4  
  87  17:39  Dark Templar  
  103  17:58  Zealot x4  
  109  18:03  Templar Archives  
  109  18:04  Assimilator  
  111  18:20  Dark Templar x5  
  120  18:30  Assimilator x2  
  118  18:36  Zealot x4  
  118  18:37  Zealot x4  
Show
View Real Time Build Order
Export as new Build Order

LigerMaNN Zerg 

Build Orders: Pool First 

Get SALT Encoding   

  12  0:19  Spawning Pool  
  11  0:29  Drone x2  
  11  0:33  Drone  
  14  0:41  Overlord  
  14  1:08  Zergling x4  
  16  1:13  Zergling x2  
  17  1:22  Hatchery  
  17  1:23  Zergling x2  
  17  1:40  Zergling x2  
  17  1:42  Queen  
  17  1:47  Zergling x2  
  21  1:56  Overlord  
  20  2:12  Drone  
  20  2:40  Zergling x2  
  20  2:41  Zergling x6  
  24  2:49  Drone  
  25  2:57  Drone x3  
  28  3:02  Roach Warren  
  27  3:09  Hatchery  
  27  3:10  Drone  
  27  3:24  Extractor x2  
  24  3:31  Drone x3  
  27  3:39  Drone x3  
  30  4:01  Overlord x3  
  30  4:20  Spine Crawler  
  30  4:21  Roach x2  
  30  4:23  Roach  
  39  4:38  Roach x2  
  39  4:41  Roach  
  41  4:49  Drone  
  41  4:50  Drone  
  42  4:54  Drone  
  43  5:15  Ravager x3  
  43  5:19  Ravager  
  47  5:22  Drone x5  
  47  5:23  Drone  
  47  5:26  Drone  
  51  5:37  Ravager  
  52  5:43  Queen  
  54  5:51  Drone x3  
  57  6:07  Spore Crawler  
  57  6:09  Spore Crawler  
  55  6:14  Spore Crawler x2  
  32  6:59  Roach x7  
  44  7:01  Roach  
  46  7:22  Overlord x2  
  45  7:36  Ravager  
  46  7:40  Ravager x4  
  46  7:41  Ravager  
  51  7:51  Lair  
  51  8:22  Ravager x2  
  51  8:23  Zergling x2  
  51  8:24  Zergling x10  
  51  8:26  Hatchery  
  58  8:36  Hatchery  
  58  8:39  Zergling x6  
  60  9:16  Pneumatized Carapace  
  60  9:20  Spore Crawler  
  59  9:25  Overlord x4  
  59  9:28  Spore Crawler  
  59  9:29  Spore Crawler  
  57  9:39  Drone x2  
  51  10:16  Drone x6  
  53  10:40  Hydralisk Den  
  53  10:42  Drone x4  
  56  10:49  Queen  
  58  10:58  Hatchery  
  58  11:03  Extractor  
  56  11:08  Overlord x3  
  56  11:22  Zergling x12  
  56  11:24  Zergling x2  
  63  11:29  Drone  
  63  11:30  Drone  
  65  11:33  Metabolic Boost  
  65  11:39  Muscular Augments  
  65  11:51  Drone x2  
  65  11:52  Drone x2  
  70  11:54  Drone  
  70  12:24  Drone x10  
  70  12:25  Drone x2  
  82  12:43  Grooved Spines  
  82  12:58  Queen  
  82  12:59  Queen  
  86  13:07  Hydralisk  
  86  13:08  Hydralisk x9  
  106  13:22  Overlord x7  
  104  13:48  Hydralisk  
  104  13:49  Hydralisk x9  
  121  14:04  Zergling x14  
  127  14:13  Zergling x10  
  119  15:12  Roach x21  
  160  15:41  Evolution Chamber  
  160  15:42  Evolution Chamber  
  148  15:55  Roach x11  
  152  15:57  Glial Reconstitution  
  148  16:06  Overseer x2  
  148  16:07  Overseer x2  
  142  16:15  Roach x8  
  132  16:39  Hydralisk x5  
  127  16:54  Drone x2, Extractor  
  127  16:55  Drone  
  127  16:56  Drone x3, Extractor  
  127  16:59  Drone x2  
  127  17:00  Extractor  
  131  17:19  Drone  
  131  17:20  Drone x7  
  126  17:25  Drone  
  123  17:35  Drone  
  123  17:36  Drone x2  
  126  17:41  Drone  
  118  18:11  Hatchery  
  117  18:13  Hatchery  
  117  18:15  Spore Crawler  
  117  18:18  Spine Crawler  
  117  18:19  Spine Crawler  
  113  18:20  Spine Crawler  
Tags
 
Matchup
PvZ
Opening
Pool First
Replay Pack
June 2025
Spawn Locations
Close Positions
Add a new tag
Caveats
  • Supply blocks, unpowered buildings, or Contaminate may cause inaccurate times.
  • Supply counts are checked every 10 seconds.